 Dungeon Crawl Stone Soup version 0.27.1-3-gb3d3a73c9e (webtiles) character file.

Game seed: 13232693099992501547

23 Gabide the Charlatan (level 3, -3/26 HPs)
             Began as a Human Artificer on Oct 29, 2021.
             Slain by a gnoll (6 damage)
             ... on level 2 of the Dungeon.
             The game lasted 00:01:47 (1275 turns).

Gabide the Charlatan (Human Artificer)              Turns: 1275, Time: 00:01:49

Health: -3/26      AC:  3    Str: 13    XL:     3   Next: 12%
Magic:  3/3        EV: 11    Int: 11    God:
Gold:   15         SH:  0    Dex: 13    Spells: 2/2 levels left

rFire    + . .     SeeInvis .   a - +0 club
rCold    + . .     Faith    .   (no shield)
rNeg     . . .     Spirit   .   b - +0 leather armour
rPois    .         Reflect  .   (no helmet)
rElec    .         Harm     .   h - scarf {rC+ rF+}
rCorr    .         Rampage  .   (no gloves)
Will     .....                  (no boots)
Stlth    +.........             (no amulet)
HPRegen  0.08/turn              (no ring)
MPRegen  0.08/turn              (no ring)

@: no status effects
A: no striking features
a: no special abilities


You were on level 2 of the Dungeon.
You visited 1 branch of the dungeon, and saw 2 of its levels.

You collected 15 gold pieces.

Inventory:

Hand Weapons
 a - a +0 club (weapon)
Armour
 b - a +0 leather armour (worn)
 h - a scarf of resistance (worn)
Wands
 c - a wand of flame (2) (quivered)
 d - a wand of charming (15)
Potions
 f - a potion of degeneration {unknown}
Miscellaneous
 e - a piece from Xom's chessboard (15/15)


   Skills:
 + Level 1.3 Fighting
 * Level 1.0 Maces & Flails
 + Level 2.1 Armour
 + Level 1.0 Dodging
 + Level 1.0 Stealth
 + Level 3.5 Evocations


You had 2 spell levels left.
You didn't know any spells.
Your spell library contained the following spells:

 Spells                   Type           Power      Damage    Failure   Level
 Static Discharge         Conj/Air       0%         N/A       56%         2
 Dispel Undead            Necr           0%         3d6       99%         4
 Sticky Flame             Conj/Fire      0%         2d3       99%         4


Dungeon Overview and Level Annotations

Branches:
Dungeon (1/15)

Altars:

Shops:
D:1 :


Message History

The jackal bites you but does no damage.
You hit the jackal.
The jackal is almost dead.
The jackal barely misses you.
The gnoll hits you from afar with a +0 spear.
The jackal closely misses you.
The jackal barks!
You hit the jackal.
You kill the jackal!
The gnoll hits you from afar with a +0 spear. x2
The adder bites you.
The gnoll hits you from afar with a +0 spear!
* * * LOW HITPOINT WARNING * * *
Your Maces & Flails skill increases to level 1!
You aren't carrying any scrolls.
The frilled lizard hisses.
The adder barely misses you. The adder misses you. The adder bites you.
* * * LOW HITPOINT WARNING * * *
The adder barely misses you.
Aiming: Throw Flame
Press: ? - help, Q - select action, (/) - cycle Shift-Dir - straight line, f - adder
Aim: an adder (53% to hit)
The puff of flame hits the adder.
The adder is severely wounded.
The adder bites you but does no damage. The gnoll barely misses you.
Aiming: Throw Flame
Press: ? - help, Q - select action, (/) - cycle Shift-Dir - straight line, f/p - adder
Aim: an adder (severely wounded, 53% to hit)
The puff of flame hits the adder.
The adder is almost dead.
The adder closely misses you. The gnoll barely misses you.
Aiming: Throw Flame
Press: ? - help, Q - select action, (/) - cycle Shift-Dir - straight line, f/p - adder
Aim: an adder (almost dead, 53% to hit)
The puff of flame hits the adder.
You kill the adder!
The gnoll hits you from afar with a +0 spear.
You die...

#......... #.#
#$.....g.g #.#
#......... #.#
#......... #.#
##.......# #..
##.g...## #.#
##.#### #.# #g##
#@# #.g# #†#
##.### #g# #...##
#h# ###... #g#
##.. #g######
####..
#.h..g.######..)..
#####hh.l...†..###
#...#.###.....


You could see 3 gnolls and 2 jackals.

Vanquished Creatures
  An adder (D:2)
  A dart slug (D:1)
  A giant cockroach (D:1)
  5 hobgoblins (D:1)
  4 jackals
  A quokka (D:1)
  A ball python (D:1)
  2 bats (D:1)
  A frilled lizard (D:1)
  A kobold (D:1)
  2 rats (D:1)
20 creatures vanquished.

Notes
Turn   | Place    | Note
-------+----------+-------------------------------------------
     0 | D:1      | Gabide the Human Artificer began the quest for the Orb.
     0 | D:1      | Reached XP level 1. HP: 15/15 MP: 1/1
   297 | D:1      | Reached XP level 2. HP: 14/21 MP: 2/2
   593 | D:1      | Found Wutez's Book Shop.
  1048 | D:1      | Reached XP level 3. HP: 26/26 MP: 3/3
  1234 | D:1      | You fall into a shaft and drop 1 floor!
  1258 | D:2      | Reached skill level 1 in Maces & Flails
  1275 | D:2      | Slain by a gnoll

Illustrated notes

Levels and vault maps discovered:
D:1:      minmay_arrival_glassed_features, layout_basic, serial_shops,
          nicolae_shop_window_shopping
D:2:      layout_rooms, hellmonk_ecumenical_altar_run_dry, uniq_jessica

Skill      XL: |  1  2  3 |
---------------+----------+-----
Maces & Flails | 1 |  1.0
Fighting       | |  1.3
Armour         | |  2.1
Dodging        | |  1.0
Stealth        | |  1.0
Evocations     | |  3.5

Action                   || total
-------------------------++-------
Melee: Club              ||    65
Evoke: Wand              ||    13
  Use: Scroll            ||     1
 Stab: Sleeping          ||     1
Armor: Leather armour    ||    34
Dodge: Dodged            ||    74
